 Dungeon Crawl Stone Soup version 0.25-a0-59-gf342c8b036 (webtiles) character file.

Game seed: 12892391652899330889, levelgen mode: deterministic

10019 Napalmbreeze the Cleaver (level 11, -20/139 HPs)
             Began as a Demonspawn Berserker on Oct 28, 2019.
             Was a High Priest of Trog.
             Blown up by an eye of devastation (33 damage)
             ... with a bolt of energy
             ... in a Gauntlet.
             The game lasted 00:26:30 (11634 turns).

Napalmbreeze the Cleaver (Demonspawn Berserker)    Turns: 11634, Time: 00:26:31

Health: -20/139    AC: 18    Str: 25    XL:     11   Next: 30%
Magic:  11/11      EV:  8    Int: 10    God:    Trog [*****.]
Gold:   441        SH:  3    Dex: 12    Spells: 10/10 levels left

rFire    . . .     SeeInvis +   M - +4 war axe (chop)
rCold    . . .     Gourm    .   (no shield)
rNeg     . . .     Faith    .   h - +0 plate armour
rPois    .         Spirit   .   (helmet restricted)
rElec    .         Reflect  +   n - scarf {cloud immunity}
rCorr    .         Harm     .   f - +1 pair of gloves
MR       +....     NoTele   +   d - +0 pair of boots
Stlth    ..........             o - +3 amulet of reflection
HPRegen  0.33/turn              N - ring of protection from magic
MPRegen  0.12/turn              Q - ring of see invisible

@: berserking, starving, very quick
A: antennae 1, thin metallic scales 2, demonic guardian 1, powered by death 2
a: Berserk, Trog's Hand, Brothers in Arms, Renounce Religion


You were in a Gauntlet.
You worshipped Trog.
Trog was extremely pleased with you.
You were starving.

You visited 1 branch of the dungeon, and saw 12 of its levels.
You also visited: Sewer and Gauntlet.

You collected 833 gold pieces.
You spent 392 gold pieces at shops.

Inventory:

Hand Weapons
 M - a +4 war axe of chopping (weapon)
Armour
 d - a +0 pair of boots (worn)
 f - a +1 pair of gloves (worn)
 h - a +0 plate armour (worn)
 n - a scarf of cloud immunity (worn)
 C - a +0 shield
Jewellery
 a - an uncursed ring of positive energy
 o - a +3 amulet of reflection (around neck)
 H - an uncursed ring of resist corrosion
 J - an uncursed ring of fire
 N - a ring of protection from magic (left hand)
 Q - a ring of see invisible (right hand)
Wands
 b - a wand of iceblast (11)
 q - a wand of paralysis (33)
 r - a wand of digging (8)
 s - a wand of polymorph (15)
 v - a wand of enslavement (8)
 y - a wand of scattershot (6)
 L - a wand of acid (7)
 O - a wand of disintegration (2)
Scrolls
 g - 4 scrolls of remove curse
 j - 6 scrolls of teleportation
 k - 2 scrolls of blinking
 t - a scroll of enchant weapon
 w - 2 scrolls of fog
 B - a scroll of identify
 G - 4 scrolls of enchant armour {unknown}
 I - a scroll of immolation {unknown}
Potions
 e - a potion of heal wounds
 i - 5 potions of agility
 l - a potion of brilliance {unknown}
 m - a potion of resistance {unknown}
 p - a potion of berserk rage {unknown}
 u - 2 potions of lignification {unknown}
 x - 3 potions of flight {unknown}
 z - 4 potions of might
 A - 5 potions of curing
 E - a potion of degeneration {unknown}
 F - a potion of cancellation {unknown}
Comestibles
 c - 21 rations


   Skills:
 + Level 11.4 Fighting
 - Level 12.0 Axes
 - Level 5.1 Armour
 - Level 2.0 Dodging


You had 10 spell levels left.
You didn't know any spells.
Your spell library was empty.

Dungeon Overview and Level Annotations

Branches:
Dungeon (12/15)            Temple (0/1) D:6            Lair (0/6) D:9
    Orc (0/2) D:12          Sewer (visited)         Gauntlet (1/1)

Altars:
Dithmenos
Elyvilon
Uskayaw
Xom

Shops:
D:6 *   D:10 (

Annotations:
D:8 1 runed translucent door, stillor's ghost, novice DrCj Gauntlet 15 transporters, 21 runed translucent doors


Innate Abilities, Weirdness & Mutations

You have a pair of small antennae on your head.
You are mostly covered in thin metallic scales. (AC +3)
A weak demonic guardian rushes to your aid.
You regenerate health from kills.


Message History

The eye of devastation gazes at you. The bolt of energy hits you!!!
* * * LOW HITPOINT WARNING * * *
The bolt of energy hits your iron imp!!
Your iron imp is blown up!
A red film seems to cover your vision as you go berserk!
You feel yourself moving faster!
You feel mighty!
You are starving!
The eye of devastation gazes at you. The bolt of energy misses you.
You slash the eye of devastation!
The eye of devastation is heavily wounded.
Unknown command.
You slash the eye of devastation!
The eye of devastation is severely wounded.
You hit the eye of devastation.
The eye of devastation is almost dead.
The eye of devastation gazes at you. The bolt of energy hits you!!
You die...

#################################
......©...........©#≈≈≈≈8≈≈≈≈#©..
######.##########################
.....#.#§≈8≈≈#©.........©........
.....#.##########################
###..#.#.........#.##©##.....#.#.
#8#..#.#...###...#.#.##.###..#.#.
###..#.#|...#...G#.#.#.##.##.#.##
#..#.#.#..#..#@#.#.#.#.#(#.#.#y
###..#©#©.######.#.#.#.#©#.#.#.##
#8#..###.#..#©.#.#.#.#.#.#.#.#.##
###....#!...#....#.#.##.##.#)#.#y
#....#...###...#.#..###.##=#.#.
###..#.........#.#.....##..#.##
#8#..###########.###########.##
###...................©........
#≈...........................


You could see an eye of devastation.

Vanquished Creatures
  Harold (D:7)
  2 two-headed ogres
  An unseen horror (D:12)
  2 cyclopes (D:11)
  A gargoyle (D:11)
  Grinder (D:6)
  2 hippogriffs
  4 flying skulls (Gauntlet)
  A spriggan (D:9)
  9 yaks
  A hungry ghost (D:8)
  A water moccasin (D:11)
  A floating eye (Gauntlet)
  An orc warrior (D:12)
  2 porcupines (D:9)
  A phantom (D:9)
  2 sky beasts
  An ice beast (D:10)
  2 black bears (D:9)
  2 ogres
  An eye of draining (D:12)
  A centaur (D:12)
  A big kobold (D:10)
  4 bullfrogs
  2 gnoll sergeants
  3 crimson imps
  3 bullfrog zombies
  4 howler monkeys
  6 orc priests
  3 hounds
  2 jellies
  3 bullfrog skeletons
  A centaur skeleton (D:9)
  A gnoll shaman (D:8)
  2 iguanas (D:11)
  Natasha (twice) (D:3)
  5 orc wizards
  4 worker ants
  A hound zombie (D:8)
  A hound skeleton (D:8)
  A howler monkey zombie (D:6)
  A worker ant zombie (D:10)
  15 gnolls
  6 adders
  A shadow imp (D:10)
  4 oozes
  An adder skeleton (D:4)
  3 worms
  A dart slug (D:1)
  8 leopard geckos
  33 orcs
  6 ball pythons
  12 bats
  5 giant cockroaches
  6 hobgoblins
  17 jackals
  7 kobolds
  2 quokkas
  7 frilled lizards
  9 goblins
  A leopard gecko skeleton (D:4)
  8 rats
242 creatures vanquished.

Vanquished Creatures (collateral kills)
  A troll (D:9)
  Sigmund (D:3)
  2 porcupines (D:9)
  An orc warrior (D:12)
  A phantom (D:8)
  A black bear (D:9)
  3 ogres
  A centaur (D:5)
  3 bullfrogs
  A howler monkey (D:7)
  2 crimson imps (D:9)
  2 orc wizards
  A centaur skeleton (D:9)
  Natasha (D:3)
  An iguana (D:7)
  A hound zombie (D:5)
  2 gnolls (D:5)
25 creatures vanquished.

Vanquished Creatures (others)
  14 fungi
  2 plants (Gauntlet)
16 creatures vanquished.

Grand Total: 283 creatures vanquished

Notes
Turn   | Place    | Note
-------+----------+-------------------------------------------
     0 | D:1      | Napalmbreeze the Demonspawn Berserker began the quest for
                  | the Orb.
     0 | D:1      | Reached XP level 1. HP: 18/18 MP: 1/1
   305 | D:1      | Gained mutation: A weak demonic guardian rushes to your
                  | aid. [demonic ancestry]
   305 | D:1      | Reached XP level 2. HP: 24/24 MP: 2/2
   352 | D:1      | Reached skill level 3 in Axes
   654 | D:2      | Gained mutation: You regenerate a little health from kills.
                  | [demonic ancestry]
   654 | D:2      | Reached XP level 3. HP: 27/29 MP: 3/3
   958 | D:2      | Reached ** piety under Trog
  1313 | D:3      | Gained mutation: You are partially covered in thin metallic
                  | scales. (AC +2) [demonic ancestry]
  1313 | D:3      | Reached XP level 4. HP: 29/35 MP: 4/4
  1435 | D:3      | Noticed Sigmund
  1451 | D:3      | Killed Sigmund
  1451 | D:3      | Reached skill level 4 in Axes
  1451 | D:3      | Gained mutation: You have a pair of small antennae on your
                  | head. [demonic ancestry]
  1451 | D:3      | Reached XP level 5. HP: 42/42 MP: 5/5
  1565 | D:3      | Noticed Natasha
  1572 | D:3      | Killed Natasha
  1676 | D:3      | Noticed Natasha
  1694 | D:3      | Killed Natasha
  1694 | D:3      | Reached XP level 6. HP: 22/48 MP: 6/6
  1862 | D:3      | Noticed Natasha
  1872 | D:3      | Killed Natasha
  1938 | D:3      | Reached skill level 5 in Axes
  2084 | D:4      | Found a white marble altar of Elyvilon.
  2308 | D:4      | Found a glowing drain.
  2312 | Sewer    | Entered a sewer
  2569 | Sewer    | Reached *** piety under Trog
  3593 | D:5      | Entered Level 5 of the Dungeon
  3605 | D:5      | Found a shadowy altar of Dithmenos.
  3625 | D:5      | Noticed a sky beast
  3632 | D:5      | Gained mutation: You regenerate health from kills. [demonic
                  | ancestry]
  3632 | D:5      | Reached XP level 7. HP: 55/55 MP: 7/7
  4050 | D:5      | Reached skill level 5 in Fighting
  4129 | D:5      | Reached skill level 6 in Axes
  4600 | D:6      | Reached XP level 8. HP: 55/62 MP: 8/8
  4612 | D:6      | Found Hoeddoy's General Store.
  4622 | D:6      | Bought a potion of curing for 39 gold pieces
  4817 | D:6      | Reached skill level 7 in Axes
  4860 | D:6      | Found a hide-covered altar of Uskayaw.
  4861 | D:6      | Noticed a +0 hand axe
  4862 | D:6      | Noticed a +0 hand axe
  4863 | D:6      | Noticed Grinder
  4875 | D:6      | Killed Grinder
  4875 | D:6      | Reached skill level 5 in Armour
  5010 | D:6      | Found a staircase to the Ecumenical Temple.
  5674 | D:7      | Received a gift from Trog
  5700 | D:7      | Noticed a hippogriff
  5701 | D:7      | Noticed Harold
  5716 | D:7      | Reached skill level 8 in Axes
  5727 | D:7      | Killed a hippogriff
  5751 | D:7      | Killed Harold
  5751 | D:7      | Reached XP level 9. HP: 75/75 MP: 9/9
  6621 | D:8      | Reached **** piety under Trog
  7047 | D:8      | Found a runed translucent door.
  7047 | D:8      | Found a shimmering altar of Xom.
  7047 | D:8      | Noticed stillor's ghost (novice DrCj)
  7047 | D:8      | Noticed a +2 scimitar of chaos
  7823 | D:9      | Reached skill level 9 in Axes
  8140 | D:9      | Noticed a troll
  8145 | D:9      | Killed a troll
  8145 | D:9      | Reached XP level 10. HP: 78/85 MP: 10/10
  8255 | D:9      | Reached skill level 10 in Fighting
  8269 | D:9      | Reached skill level 10 in Axes
  8475 | D:9      | Noticed a two-headed ogre
  8750 | D:9      | Killed a two-headed ogre
  8842 | D:9      | Found a staircase to the Lair.
  9046 | D:9      | Reached ***** piety under Trog
  9241 | D:9      | Reached skill level 11 in Axes
  9349 | D:10     | Entered Level 10 of the Dungeon
  9376 | D:10     | Found Taduem's Weapon Shoppe.
  9388 | D:10     | Bought a +4 war axe of chopping for 353 gold pieces
 10138 | D:11     | Noticed a cyclops
 10147 | D:11     | Killed a cyclops
 10182 | D:11     | Noticed a cyclops
 10188 | D:11     | Killed a cyclops
 10188 | D:11     | Reached skill level 12 in Axes
 10302 | D:11     | Noticed a gargoyle
 10304 | D:11     | Killed a gargoyle
 10304 | D:11     | Gained mutation: You are mostly covered in thin metallic
                  | scales. (AC +3) [demonic ancestry]
 10304 | D:11     | Reached XP level 11. HP: 91/91 MP: 11/11
 10853 | D:12     | Found a gate leading to a gauntlet.
 10853 | D:12     | Noticed an unseen horror
 10873 | D:12     | Killed an unseen horror
 10973 | D:12     | Noticed a two-headed ogre
 10978 | D:12     | Found a staircase to the Orcish Mines.
 10997 | D:12     | Killed a two-headed ogre
 11051 | Gauntlet | Entered a Gauntlet
 11051 | Gauntlet | Found a transporter.
 11060 | Gauntlet | Found a transporter.
 11075 | Gauntlet | Found a transporter.
 11080 | Gauntlet | Found a transporter.
 11097 | Gauntlet | Found a transporter.
 11106 | Gauntlet | Noticed a wolf spider
 11114 | Gauntlet | Found a transporter.
 11122 | Gauntlet | Noticed a thrashing horror
 11126 | Gauntlet | Found a transporter.
 11128 | Gauntlet | Noticed a thrashing horror
 11134 | Gauntlet | Found a large runed translucent door.
 11135 | Gauntlet | Found a large runed translucent door.
 11136 | Gauntlet | Found a large runed translucent door.
 11136 | Gauntlet | Found a large runed translucent door.
 11137 | Gauntlet | Found a runed translucent gate.
 11137 | Gauntlet | Noticed a death ooze
 11138 | Gauntlet | Found a transporter.
 11138 | Gauntlet | Found a runed translucent gate.
 11139 | Gauntlet | Found a runed translucent gate.
 11140 | Gauntlet | Found a large runed translucent door.
 11140 | Gauntlet | Found a large runed translucent door.
 11141 | Gauntlet | Found a large runed translucent door.
 11142 | Gauntlet | Found a large runed translucent door.
 11150 | Gauntlet | Found a transporter.
 11162 | Gauntlet | Found a transporter.
 11168 | Gauntlet | Found a transporter.
 11170 | Gauntlet | Noticed a reaper
 11205 | Gauntlet | Found a transporter.
 11207 | Gauntlet | Found a transporter.
 11232 | Gauntlet | Found a transporter.
 11234 | Gauntlet | Found a transporter.
 11254 | Gauntlet | Found a transporter.
 11332 | Gauntlet | Found a transporter.
 11348 | Gauntlet | Found a large runed translucent door.
 11348 | Gauntlet | Found a large runed translucent door.
 11348 | Gauntlet | Found a runed translucent door.
 11348 | Gauntlet | Found a runed translucent door.
 11349 | Gauntlet | Found a large runed translucent door.
 11350 | Gauntlet | Found a large runed translucent door.
 11352 | Gauntlet | Found a transporter.
 11368 | Gauntlet | Found a large runed translucent door.
 11368 | Gauntlet | Found a large runed translucent door.
 11369 | Gauntlet | Found a large runed translucent door.
 11370 | Gauntlet | Found a large runed translucent door.
 11468 | Gauntlet | Received a gift from Trog
 11613 | Gauntlet | Paralysed by a floating eye for 3 turns
 11634 | Gauntlet | Blown up by an eye of devastation

Levels and vault maps discovered:
D:1:      onia_arrival_mini_spirals, layout_basic
D:2:      layout_basic, first_ration
D:3:      layout_rooms, uniq_natasha, uniq_sigmund
D:4:      layout_layer_cave, gup_sewer_entry_bowl, elyvilon_altar_3
D:5:      layout_rooms, nicolae_dithmenos_through_a_glass_darkly
D:6:      layout_gridville, dancing_weapons_uskayaw,
          minmay_temple_entry_gardened_gates, serial_shops, shop_statue,
          uniq_grinder
D:7:      layout_cave_pods, minmay_hedge_maze, uniq_harold
D:8:      layout_basic, ebering_ghost_xom
D:9:      layout_layer_cave, due_lair_maze_entry_diamond, the_bakery
D:10:     layout_cave_pools, serial_shops, shop_fountains
D:11:     lemuel_upstairs_altar, layout_basic
D:12:     layout_loops_ring, hiddenorc2_lemuel, gauntlet_entry_generic,
          serial_shops, nicolae_shop_temple_entry_statues_fountains
Gauntlet: gammafunk_gauntlet_one_two_three [gammafunk_gauntlet_arena_spirals,
          gammafunk_gauntlet_arena_mazey, nicolae_gauntlet_arena_t_cross,
          nicolae_gauntlet_swirl, nicolae_gauntlet_arena_grate_2,
          gammafunk_gauntlet_arena_split_diamond,
          minmay_gauntlet_arena_make_your_own_arena,
          gammafunk_gauntlet_arena_split_x, gammafunk_gauntlet_arena_teeth,
          nicolae_gauntlet_exit_dead_adventurers]

Skill      XL: |  1  2  3  4  5  6  7  8  9 10 11 |
---------------+----------------------------------+-----
Axes           | 3 4 5 6 8 9 12 | 12.0
Armour         | 2 3 4 5 |  5.1
Dodging        | 2 |  2.0
Fighting       | 4 5 8 9 10 11 | 11.4

Action                   |  1- 3 |  4- 6 |  7- 9 | 10-12 || total
-------------------------+-------+-------+-------+-------++-------
Melee: Hand axe          |   148 |   239 |   518 |   119 ||  1024
       War axe           |       |       |       |   161 ||   161
Invok: Berserk           |       |     4 |     6 |     4 ||    14
       Trog's Hand       |       |     1 |     2 |       ||     3
       Brothers in Arms  |       |       |     1 |     2 ||     3
  Use: Scroll            |       |     5 |     4 |     3 ||    12
 Stab: Distracted        |       |     1 |     6 |       ||     7
  Eat: Chunk             |     1 |    11 |    22 |    10 ||    44
       Ration            |       |       |     2 |     1 ||     3
Armor: Animal skin       |    13 |       |       |       ||    13
       Plate armour      |   110 |   222 |   310 |   148 ||   790
Dodge: Dodged            |    73 |    84 |   129 |    81 ||   367
Block: Other             |       |    24 |    64 |    16 ||   104
       Reflection        |       |       |     1 |       ||     1

Table legend:
 A = Non-vault XP
 B = Vault XP
 C = Vault XP percentage of total XP
 D = Non-vault monster count
 E = Vault monster count
 F = Vault count percentage of total count
                 A         B        C        D         E       F
            +---------+---------+-------+---------+---------+-------
      Total |   10429 |    3885 |  27.1 |     218 |      49 |  18.4
            +---------+---------+-------+---------+---------+-------
        D:1 |      29 |       0 |   0.0 |      15 |       0 |   0.0
        D:2 |      57 |       0 |   0.0 |      26 |       0 |   0.0
        D:3 |     182 |     237 |  56.6 |      21 |       2 |   8.7
        D:4 |      64 |       8 |  11.1 |       7 |       2 |  22.2
        D:5 |     565 |       0 |   0.0 |      23 |       0 |   0.0
        D:6 |     526 |     247 |  32.0 |      16 |       1 |   5.9
        D:7 |     868 |    1018 |  54.0 |      20 |       1 |   4.8
        D:8 |     808 |       0 |   0.0 |      26 |       0 |   0.0
        D:9 |    2976 |     962 |  24.4 |      29 |       9 |  23.7
       D:10 |     959 |       0 |   0.0 |      15 |       0 |   0.0
       D:11 |    1778 |       0 |   0.0 |      12 |       0 |   0.0
       D:12 |    1617 |     324 |  16.7 |       8 |      13 |  61.9
      Sewer |       0 |      31 | 100.0 |       0 |      16 | 100.0
   Gauntlet |       0 |    1058 | 100.0 |       0 |       5 | 100.0
            +---------+---------+-------+---------+---------+-------
